Map: Lerilak Crest

Players

LilDicky

  • Race: Terran Terran
  • League: Diamond

Neurosecond - Winner!

  • Race: Zerg Zerg
  • League: Platinum

VOD

http://www.twitch.tv/tumescentpie

Description

Time

  • Played on: Nov. 24, 2015, 3:37 p.m.
  • Length: 7:44
Show
View Real Time Build Order
Export as new Build Order

LilDicky Terran 

Build Orders: Command Center First (CC), Mech 

Get SALT Encoding   

  12  0:01  SCV  
  13  0:13  SCV  
  14  0:17  Supply Depot  
  14  0:25  SCV  
  15  0:39  SCV  
  16  0:51  SCV  
  17  1:01  Command Center  
  17  1:04  SCV  
  18  1:15  Barracks  
  18  1:17  SCV  
  19  1:29  SCV  
  20  1:36  Refinery  
  20  1:39  Refinery  
  20  1:41  SCV  
  21  1:53  SCV  
  22  2:04  Supply Depot  
  22  2:05  Orbital Command  
  22  2:09  Marine  
  22  2:12  Orbital Command  
  24  2:32  SCV  
  24  2:33  Factory  
  24  2:34  Barracks Tech Lab  
  24  2:43  Refinery  
  24  2:44  SCV  
  25  2:48  SCV  
  26  3:02  SCV  
  27  3:06  SCV  
  27  3:08  Marine  
  29  3:14  SCV  
  30  3:22  SCV  
  30  3:23  Siege Tank  
  30  3:26  Marine  
  34  3:31  SCV  
  35  3:34  SCV  
  35  3:36  Command Center  
  36  3:44  Marine  
  36  3:47  Refinery  
  37  3:54  Starport  
  37  3:55  Siege Tank  
  37  4:01  SCV  
  41  4:09  SCV  
  42  4:13  SCV  
  32  4:35  SCV  
  34  4:39  Starport Tech Lab  
  34  4:41  SCV  
  34  4:49  Bunker  
  34  4:50  Siege Tank  
  34  4:52  Marine  
  38  4:53  SCV  
  39  5:00  SCV  
  39  5:03  Banshee, Cloaking Field  
  39  5:05  SCV  
  44  5:09  Factory, Bunker  
  44  5:12  SCV  
  46  5:16  Orbital Command  
  46  5:17  SCV, Marine  
  46  5:22  Siege Tank  
  46  5:29  SCV  
  46  5:33  Orbital Command  
  33  5:43  SCV  
  33  5:44  SCV  
  35  5:56  SCV  
  36  5:57  SCV  
  36  5:58  Marine  
  38  6:07  SCV  
  38  6:08  SCV  
  38  6:10  SCV  
  41  6:13  Siege Tank  
  41  6:14  Factory Tech Lab  
  44  6:19  Armory, Factory, SCV  
  44  6:20  SCV  
  44  6:22  Armory, SCV  
  47  6:28  Supply Depot  
  47  6:31  SCV, Marine  
  47  6:32  SCV  
  50  6:34  SCV  
  51  6:49  SCV x2  
  51  6:50  Siege Tank x2  
  51  6:52  Banshee  
  62  7:00  Refinery  
  62  7:01  Refinery  
  62  7:11  SCV x2  
  64  7:18  Marine  
  64  7:21  Factory Reactor  
  64  7:22  SCV  
Show
View Real Time Build Order
Export as new Build Order

Neurosecond Zerg - Winner!

Build Orders: Hatch First 

Get SALT Encoding   

  12  0:01  Drone  
  13  0:11  Drone  
  13  0:14  Extractor  
  13  0:16  Drone  
  13  0:20  Extractor  
  13  0:21  Drone  
  16  0:44  Hatchery  
  15  0:51  Overlord  
  15  1:05  Spawning Pool  
  15  1:09  Drone, Extractor  
  14  1:12  Drone  
  16  1:18  Drone  
  16  1:23  Drone  
  17  1:31  Drone  
  18  1:42  Drone  
  19  1:51  Queen  
  21  1:55  Drone  
  21  1:56  Queen  
  21  1:57  Drone  
  25  2:05  Drone  
  25  2:08  Drone  
  27  2:17  Drone  
  28  2:23  Overlord  
  28  2:33  Hatchery  
  28  2:36  Metabolic Boost  
  27  2:43  Drone x2  
  29  2:45  Drone x2  
  29  2:50  Overlord  
  31  2:54  Drone  
  32  3:03  Drone x3  
  32  3:04  Drone  
  36  3:08  Overlord  
  36  3:10  Drone  
  36  3:11  Drone  
  38  3:14  Drone  
  39  3:23  Drone  
  39  3:26  Queen  
  42  3:27  Drone  
  42  3:30  Drone x2  
  45  3:42  Zergling x14  
  45  3:46  Drone  
  53  3:53  Drone x2  
  55  4:00  Drone  
  56  4:05  Drone x2  
  56  4:09  Overlord  
  58  4:10  Overlord  
  58  4:14  Lair  
  55  4:18  Evolution Chamber  
  53  4:28  Zergling x12  
  57  4:35  Drone x3  
  59  4:42  Zergling x2  
  59  4:43  Zergling x8  
  59  4:45  Zerg Melee Weapons Level 1  
  64  4:47  Hatchery, Drone  
  64  4:48  Drone x2  
  66  4:53  Drone  
  66  4:55  Zergling x2  
  68  5:00  Hatchery  
  68  5:02  Evolution Chamber  
  66  5:13  Overlord  
  66  5:14  Drone x8  
  66  5:15  Overlord x2  
  67  5:36  Drone x6  
  67  5:37  Drone  
  71  5:47  Drone x5  
  71  5:49  Extractor  
  74  5:50  Overseer  
  74  5:51  Extractor  
  74  5:54  Queen  
  74  5:56  Queen  
  76  5:59  Spore Crawler  
  76  6:01  Spore Crawler  
  76  6:03  Queen  
  76  6:04  Spore Crawler  
  76  6:09  Overlord  
  76  6:10  Zergling x12  
  81  6:13  Zergling x2  
  81  6:14  Zergling x4  
  81  6:15  Extractor  
  81  6:17  Extractor  
  82  6:22  Overseer  
  82  6:27  Extractor  
  82  6:28  Drone x2  
  82  6:29  Extractor  
  82  6:32  Overlord  
  82  6:33  Zergling x12  
  82  6:34  Queen  
  90  6:45  Hatchery  
  89  6:55  Overlord, Zergling x10  
  89  6:56  Zergling x20  
  102  7:08  Overlord  
  102  7:09  Zergling x12  
  108  7:19  Infestation Pit  
  108  7:21  Zergling x10  
  112  7:25  Drone x3  
  112  7:29  Drone x2  
Tags
 
Add a new tag
Caveats
  • Supply blocks, unpowered buildings, or Contaminate may cause inaccurate times.
  • Supply counts are checked every 10 seconds.